 Dungeon Crawl Stone Soup version 0.19.0-2-gae57169 (webtiles) character file.

131 rocketpapaya the Slasher (level 4, -2/37 HPs)
             Began as a Minotaur Gladiator on Nov 7, 2016.
             Was an Initiate of Dithmenos.
             Slain by a crocodile (14 damage)
             ... in a sewer.
             The game lasted 00:04:05 (1692 turns).

rocketpapaya the Slasher (Minotaur Gladiator)       Turns: 1692, Time: 00:04:06

Health: -2/37      AC:  3    Str: 20    XL:     4   Next: 91%
Magic:  3/3        EV: 12    Int:  5    God:    Dithmenos [......]
Gold:   125        SH:  4    Dex: 11    Spells: 0 memorised, 3 levels left

rFire  . . .     SeeInvis .     a - +0 long sword
rCold  . . .     Gourm    .     b - +0 leather armour
rNeg   . . .     Faith    .     g - +0 buckler
rPois  .         Spirit   .     c - +0 hat
rElec  .         Reflect  .     (no cloak)
rCorr  .         Harm     .     (no gloves)
MR     .....     Clarity  +     (no boots)
Stlth  +.........               (no amulet)
                                (no ring)
                                (no ring)

@: no status effects
A: retaliatory headbutt, horns 2, clarity, regeneration 1
a: Renounce Religion


You were in a sewer.
You worshipped Dithmenos.
Dithmenos was noncommittal.
You were hungry.

You visited 1 branch of the dungeon, and saw 3 of its levels.
You also visited: Sewer.

You collected 125 gold pieces.

Inventory:

Hand Weapons
 a - a +0 long sword (weapon)
Missiles
 d - 3 throwing nets (quivered)
Armour
 b - a +0 leather armour (worn)
 c - a +0 hat (worn)
 g - a +0 buckler (worn)
Jewellery
 m - an uncursed amulet of the gourmand {unknown}
Scrolls
 e - a scroll of teleportation {unknown}
 k - 3 scrolls of amnesia {unknown}
 l - 2 scrolls of random uselessness {unknown}
 p - a scroll of fear {unknown}
 r - 2 scrolls of remove curse {unknown}
Potions
 h - 2 potions of ambrosia
 i - a potion of heal wounds {unknown}
 j - a potion of curing {unknown}
Comestibles
 f - a bread ration
 n - a meat ration
 o - 2 fruits
 q - a beef jerky
 u - a royal jelly


   Skills:
 - Level 2.4 Fighting
 + Level 5.2 Long Blades
 - Level 2.0 Throwing
 - Level 3.2 Dodging
 - Level 4.0 Shields


You had 3 spell levels left.
You didn't know any spells.

Dungeon Overview and Level Annotations

Branches:
Dungeon (3/15)

Altars:
Dithmenos
Gozag
Makhleb
Nemelex Xobeh


Innate Abilities, Weirdness & Mutations

You reflexively headbutt those who attack you in melee.
You have a pair of horns on your head.
You possess an exceptional clarity of mind.
Your natural rate of healing is unusually fast.


Message History

The crocodile is moderately wounded.
You hit the crocodile.
The crocodile is moderately wounded.
You block the crocodile's attack.
You hit the crocodile.
The crocodile is moderately wounded.
The crocodile bites you!
It was a potion of beneficial mutation.
You begin to heal more quickly.
You feel fantastic! The crocodile closely misses you. You furiously retaliate!
You headbutt the crocodile, but do no damage.
Your thoughts seem clearer.
You feel fantastic! The crocodile closely misses you.
The crocodile barely misses you.
You see here a bat corpse.
The crocodile bites you!
* * * LOW HITPOINT WARNING * * *
There is an empty arch of ancient stone here.
The crocodile bites you!
You die...

#.# #.#
##.##
##...##
##.....##
#...≈...#
#.†≈≈≈..#
#.≈≈≈≈≈.#
#.@≈≈≈..#
#..t≈†..#
##....†##
##.∩.##
##.## ###


You could see a crocodile.

Vanquished Creatures
  4 gnolls (D:2)
  2 adders (D:3)
  2 oozes
  A dart slug (D:1)
  3 leopard geckos
  An orc (D:2)
  12 bats
  4 giant cockroaches
  6 hobgoblins
  5 jackals (D:1)
  4 kobolds
  A quokka (D:2)
  3 ball pythons
  2 frilled lizards
  3 goblins (D:1)
  5 rats (D:1)
58 creatures vanquished.

Notes
Turn   | Place    | Note
-------+----------+-------------------------------------------
     0 | D:1      | rocketpapaya the Minotaur Gladiator began the quest for the Orb.
     0 | D:1      | Reached XP level 1. HP: 18/18 MP: 0/0
    58 | D:1      | Reached skill level 1 in Shields
    63 | D:1      | Reached XP level 2. HP: 16/25 MP: 1/1
   297 | D:1      | Reached skill level 4 in Long Blades
   548 | D:1      | Reached XP level 3. HP: 27/30 MP: 2/2
  1169 | D:2      | Reached XP level 4. HP: 37/37 MP: 3/3
  1305 | D:2      | Found an opulent altar of Gozag.
  1311 | D:2      | Found a shadowy altar of Dithmenos.
  1323 | D:2      | Found a burning altar of Makhleb.
  1329 | D:2      | Became a worshipper of Dithmenos the Shadowed
  1413 | D:2      | Found a sparkling altar of Nemelex Xobeh.
  1498 | D:3      | Found a glowing drain.
  1512 | D:3      | Reached skill level 5 in Long Blades
  1639 | Sewer    | Entered a sewer
  1659 | Sewer    | Noticed a crocodile
  1674 | Sewer    | Gained mutation: Your natural rate of healing is unusually fast. [potion of beneficial mutation]
  1675 | Sewer    | Gained mutation: You possess an exceptional clarity of mind. [potion of beneficial mutation]
  1692 | Sewer    | Slain by a crocodile

Skill      XL: |  1  2  3  4 |
---------------+-------------+-----
Shields        | 1 2 3 4 |  4.0
Long Blades    | 4 5 |  5.2
Fighting       | |  2.4
Throwing       | |  2.0
Dodging        | |  3.2

Action                   |  1- 3 |  4- 6 || total
-------------------------+-------+-------++-------
Melee: Long sword        |    75 |    39 ||   114
       Headbutt          |    11 |     7 ||    18
  Use: Potion            |       |     3 ||     3
  Eat: Chunk             |       |     2 ||     2
Armor: Leather armour    |    21 |    11 ||    32
Dodge: Dodged            |    54 |    35 ||    89
Block: Buckler           |    16 |    12 ||    28
       Rpst.: Long sword |     9 |     7 ||    16
